 Dungeon Crawl Stone Soup version 0.30.1-11-g7821555f0a (webtiles) character file.

Game seed: 14612785252078973747

141 fireball365 the Trooper (level 5, 0/70 HPs)
             Began as a Hill Orc Fighter on Dec 2, 2023.
             Slain by a black bear (6 damage)
             ... on level 4 of the Dungeon.
             The game lasted 00:03:55 (1657 turns).

fireball365 the Trooper (Hill Orc Fighter)          Turns: 1657, Time: 00:03:57

Health: 0/70       AC: 22    Str: 25    XL:     5   Next: 24%
Magic:  5/5        EV:  2    Int:  7    God:
Gold:   132        SH:  4    Dex:  9    Spells: 4/4 levels left

rFire   . . .        a - +0 war axe
rCold   . . .        c - +0 buckler
rNeg    . . .        l - melded +0 chain mail
rPois   +            (helmet currently unavailable)
rElec   .            (cloak currently unavailable)
rCorr   .            (gloves currently unavailable)
SInv    .            (boots currently unavailable)
Will    .....        (no amulet)
Stlth   +            (no ring)
HPRegen 0.31/turn    (no ring)
MPRegen 0.09/turn

%: no passive effects
@: mighty, tree-form
A: stationary, stasis, torment immunity, boosted hp, (antennae 1), strong 1
a: no special abilities


You were on level 4 of the Dungeon.
You were a tree.
You visited 1 branch of the dungeon, and saw 3 of its levels.

You collected 132 gold pieces.

Inventory:

Hand Weapons
 a - a +0 war axe (weapon)
Armour
 b - a +0 scale mail
 c - a +0 buckler (worn)
 l - a +0 chain mail (melded)
Scrolls
 e - a scroll of immolation {unknown}
 g - a scroll of enchant weapon {unknown}
 n - a scroll of vulnerability {unknown}
 q - a scroll of enchant armour {unknown}
Potions
 f - a potion of attraction
 h - a potion of cancellation
 j - a potion of brilliance {unknown}
 o - a potion of mutation
 p - a potion of haste {unknown}


   Skills:
 + Level 4.8 Fighting
 + Level 4.6 Axes
 + Level 4.0 Armour
 + Level 0.7 Dodging
 + Level 3.6 Shields


You had 4 spell levels left.
You didn't know any spells.
Your spell library was empty.

Dungeon Overview and Level Annotations

Branches:
Dungeon (2/15)

Altars:


Innate Abilities, Weirdness & Mutations

You are a tree.
Your roots penetrate the ground, keeping you stationary.
You cannot be teleported.
You are immune to unholy pain and torment.
Your maximum health is greatly increased.
Your equipment is partially melded.
((You have a pair of small antennae on your head.))
Your muscles are strong. (Str +4, Int/Dex -1)


Message History

The black bear misses your butterfly. The black bear claws your butterfly.
Your butterfly dies!
Your butterfly disappears in a burst of colours!
You swap places.
The adder misses your butterfly.
The jackal completely misses your butterfly.
The black bear rages.
The black bear closely misses your butterfly. x2
The black bear misses your butterfly. The endoplasm hits your butterfly.
Your butterfly dies!
Your butterfly disappears in a burst of colours!
The adder completely misses your butterfly.
The jackal bites your butterfly.
Your butterfly dies!
Your butterfly disappears in a burst of colours!
It was a potion of lignification.
You turn into a tree.
Your +0 chain mail melds into your body.
Your roots penetrate the ground.
The black bear barely misses your butterfly.
The black bear closely misses your butterfly. x2
The adder bites your butterfly.
Your butterfly dies!
Your butterfly disappears in a burst of colours!
You slash the endoplasm!
You kill the endoplasm!
You closely miss the jackal.
The jackal bites you but does no damage.
The jackal bites you.
* * * LOW HITPOINT WARNING * * *
The black bear bites you but does no damage.
The black bear claws you but does no damage. x2
The adder barely misses your butterfly.
You hear a bark! x2
You barely miss the black bear.
The black bear is almost dead.
You barely miss the jackal.
The black bear bites you but does no damage.
The black bear claws you but does no damage. x2
The jackal bites you but does no damage.
The black bear completely misses you. The black bear claws you.
You die...

##....<..... ..
##....bb.... ...
#.=.b.b....##..
...bb.bbb..#.. .
.....bbbbb.b# ...
......bbbbb##.b..
......b.hb.......
.. ..
......bSh♣.......
.##..
..#...##.###.....
.#... #.. #b.#
... ..... ...
#b.# . ..... ...
...# ..... ..
...# ...# # b....
...# ..... #....


You could see a black bear (berserk, ally target), an adder and a jackal (ally
target).

Vanquished Creatures
  A hound (D:4)
  A gnoll (D:1)
  4 adders
  A dart slug (D:1)
  3 bats
  7 endoplasms
  3 giant cockroaches
  5 goblins
  10 hobgoblins
  3 kobolds
  4 quokkas
  7 ball pythons
  3 frilled lizards (D:2)
  9 rats
61 creatures vanquished.

Notes
Turn   | Place    | Note
-------+----------+-------------------------------------------
     0 | D:1      | fireball365 the Hill Orc Fighter began the quest for the
                  | Orb.
     0 | D:1      | Reached XP level 1. HP: 19/19 MP: 1/1
    79 | D:1      | Reached XP level 2. HP: 24/27 MP: 2/2
   189 | D:1      | Reached XP level 3. HP: 13/33 MP: 3/3
   847 | D:2      | Reached XP level 4. HP: 29/41 MP: 4/4
  1096 | D:2      | Gained mutation: You are weak. (Str -2) [potion of
                  | mutation]
  1186 | D:2      | Lost mutation: You are weak. (Str -2) [potion of mutation]
  1186 | D:2      | Gained mutation: You have a pair of small antennae on your
                  | head. [potion of mutation]
  1186 | D:2      | Gained mutation: Your muscles are strong. (Str +4, Int/Dex
                  | -1) [potion of mutation]
  1632 | D:2      | You fall into a shaft and drop 2 floors!
  1640 | D:4      | Noticed a black bear
  1650 | D:4      | HP: 2/41 [black bear (4)]
  1653 | D:4      | Reached XP level 5. HP: 3/47 MP: 5/5
  1657 | D:4      | Slain by a black bear

Illustrated notes

Levels and vault maps discovered:
D:1:      dpeg_arrival_ratfight, layout_basic
D:2:      layout_loops_corners, skrybe_limestone_x, minivault_11, st_stairs_11
D:4:      layout_cave_pools, kennysheep_okawaru_gauntlet,
          gammafunk_ghost_necromancy, chequers_ossuary_entry_cave

Skill      XL: |  1  2  3  4 |
---------------+-------------+-----
Fighting       | 4 |  4.8
Axes           | 3 4 |  4.6
Armour         | 4 |  4.0
Dodging        | |  0.7
Shields        | |  3.6

Action                     |  1- 3 |  4- 6 || total
---------------------------+-------+-------++-------
  Melee: War axe           |    74 |    68 ||   142
    Use: Scroll            |       |     6 ||     6
         Potion            |       |     4 ||     4
 Armour: Scale mail        |    36 |     9 ||    45
         Chain mail        |       |    37 ||    37
         Skin              |       |     8 ||     8
  Dodge: Dodged            |    49 |    46 ||    95
  Block: Buckler           |    21 |    15 ||    36
